Map: Terraform LE (Void)

Players

brent

  • Race: Terran Terran
  • League: Master

TheDoctor - Winner!

  • Race: Protoss Protoss
  • League: Grandmaster

Event: Lycan League Weekly September #1

VOD

Have the link to the VOD?

Description

Time

  • Played on: Sept. 21, 2015, 12:19 p.m.
  • Length: 9:37

All games in this series

Show
View Real Time Build Order
Export as new Build Order

brent Terran 

Build Orders: 1/1/1, MMM Bio 

Get SALT Encoding   

  12  0:01  SCV  
  13  0:13  SCV  
  14  0:18  Supply Depot  
  14  0:25  SCV  
  15  0:30  Refinery  
  15  0:39  SCV  
  16  0:45  Barracks  
  16  0:51  SCV  
  17  1:03  SCV  
  18  1:16  SCV  
  19  1:28  SCV  
  20  1:33  Marine  
  20  1:34  Factory  
  21  1:40  Orbital Command  
  21  1:44  Supply Depot  
  21  1:51  Marine  
  22  2:06  SCV  
  23  2:09  Marine  
  24  2:17  Widow Mine  
  24  2:18  SCV  
  24  2:20  Starport  
  27  2:27  Marine  
  28  2:31  SCV  
  29  2:37  Command Center  
  29  2:43  SCV  
  30  2:45  Supply Depot  
  30  2:46  Marine  
  31  3:07  SCV, Medivac, Marine  
  31  3:08  Widow Mine  
  37  3:15  Barracks  
  37  3:18  Barracks  
  37  3:21  SCV  
  37  3:23  Supply Depot  
  37  3:26  Marine  
  39  3:36  Refinery  
  39  3:45  SCV  
  39  3:46  Barracks Reactor  
  40  3:49  Orbital Command  
  40  3:51  Viking  
  42  3:57  SCV  
  43  4:02  Barracks Tech Lab  
  43  4:06  Barracks Tech Lab, Engineering Bay  
  43  4:09  SCV  
  44  4:11  Widow Mine  
  46  4:21  SCV, Marine  
  46  4:23  Orbital Command  
  46  4:31  Bunker  
  46  4:34  Medivac  
  46  4:37  SCV  
  48  4:42  Marine x2  
  48  4:45  Marauder  
  52  4:50  SCV  
  52  4:51  SCV  
  54  4:55  Refinery  
  54  4:57  Marauder  
  56  5:02  Stimpack  
  56  5:04  Marine x2  
  56  5:08  SCV  
  56  5:09  SCV  
  56  5:14  Supply Depot  
  58  5:20  Marauder  
  58  5:21  Marauder  
  62  5:27  SCV  
  62  5:35  SCV, Marine  
  59  5:36  Marine  
  59  5:39  SCV  
  59  5:42  Supply Depot  
  62  5:43  Widow Mine  
  62  5:47  SCV  
  62  5:49  Marauder x2  
  69  5:51  Terran Infantry Weapons Level 1, Supply Depot  
  69  5:52  SCV  
  70  6:01  Supply Depot  
  70  6:02  Starport Reactor  
  70  6:03  SCV, Marine x2  
  70  6:04  Refinery  
  73  6:10  Marine  
  75  6:11  SCV  
  75  6:16  Command Center  
  75  6:17  SCV  
  76  6:20  Combat Shields, Marauder  
  76  6:23  SCV, Supply Depot  
  79  6:26  Marine x2  
  79  6:31  SCV  
  82  6:34  Factory Reactor  
  82  6:36  Marauder  
  82  6:38  SCV  
  83  6:49  SCV, Marauder, Marine x2  
  88  6:55  Viking  
  88  6:58  Barracks, Marauder  
  88  7:01  SCV, Barracks  
  93  7:06  Supply Depot, SCV  
  92  7:08  Supply Depot  
  92  7:09  Marine  
  92  7:10  Concussive Shells, Marauder  
  92  7:14  Supply Depot, SCV  
  96  7:18  Viking  
  96  7:21  Widow Mine x2  
  102  7:27  SCV  
  102  7:28  Orbital Command  
  103  7:30  SCV  
  104  7:39  Supply Depot  
  104  7:41  Marauder x2  
  104  7:44  Marine x2  
  108  7:45  SCV  
  108  7:50  Barracks Reactor, Barracks Tech Lab  
  111  7:51  SCV  
  112  8:01  Marine  
  112  8:02  SCV, Marine  
  112  8:03  Medivac x2  
  112  8:07  Refinery  
  112  8:10  Marine  
  112  8:11  Marauder x2  
  104  8:19  Marine x2  
  91  8:23  SCV  
  85  8:29  Marine x2, Marauder  
  85  8:30  Orbital Command  
  85  8:31  Marine  
  85  8:32  Marine  
  89  8:35  Widow Mine x2  
  89  8:37  Marine x2  
  89  8:38  SCV x2  
  97  8:46  Armory  
  97  8:47  Marine  
  98  8:50  Marauder  
  98  8:52  Marauder x2, Marine  
  105  8:56  Medivac  
  105  8:59  Medivac  
  109  9:03  SCV x2  
  109  9:04  SCV  
  109  9:06  Marine x3  
Show
View Real Time Build Order
Export as new Build Order

TheDoctor Protoss - Winner!

Build Orders: 1 Gate Expand, Colossus Rush 

Get SALT Encoding   

  12  0:00  Probe (Chrono Boost)  
  13  0:10  Probe (Chrono Boost)  
  14  0:18  Pylon  
  14  0:21  Probe (Chrono Boost)  
  15  0:36  Probe (Chrono Boost)  
  15  0:37  Gateway  
  15  0:42  Assimilator  
  16  0:46  Probe (Chrono Boost)  
  17  0:56  Probe (Chrono Boost)  
  18  1:06  Probe (Chrono Boost)  
  19  1:18  Nexus  
  19  1:27  Cybernetics Core  
  19  1:30  Probe (Chrono Boost)  
  20  1:38  Assimilator  
  20  1:40  Probe (Chrono Boost)  
  20  1:46  Pylon  
  21  1:50  Probe (Chrono Boost)  
  22  1:55  Pylon  
  22  2:03  Mothership Core (Chrono Boost)  
  24  2:09  Stalker  
  26  2:16  Warp Gate  
  26  2:21  Probe (Chrono Boost)  
  27  2:30  Probe (Chrono Boost)  
  27  2:31  Probe (Chrono Boost)  
  29  2:40  Probe (Chrono Boost)  
  29  2:43  Robotics Facility  
  29  2:44  Probe (Chrono Boost)  
  30  2:50  Probe (Chrono Boost)  
  32  2:54  Probe (Chrono Boost), Pylon  
  33  3:00  Probe (Chrono Boost)  
  33  3:02  Stalker  
  33  3:05  Probe (Chrono Boost)  
  37  3:10  Probe (Chrono Boost)  
  38  3:15  Probe (Chrono Boost)  
  39  3:20  Probe (Chrono Boost)  
  39  3:25  Probe (Chrono Boost)  
  41  3:29  Probe (Chrono Boost), Observer (Chrono Boost), Gateway  
  41  3:30  Gateway  
  43  3:36  Probe, Assimilator  
  43  3:38  Probe, Assimilator  
  45  3:47  Stalker  
  45  3:48  Probe x2  
  48  3:49  Observer (Chrono Boost)  
  50  3:58  Probe  
  50  4:00  Probe  
  52  4:03  Robotics Bay  
  52  4:07  Observer (Chrono Boost)  
  52  4:08  Probe  
  53  4:10  Pylon  
  53  4:12  Probe  
  51  4:32  Stalker x3  
  51  4:35  Probe  
  51  4:37  Probe  
  59  4:40  Observer (Chrono Boost)  
  60  4:48  Probe  
  60  4:50  Probe  
  62  4:55  Colossus (Chrono Boost)  
  62  4:58  Probe  
  58  5:02  Probe  
  60  5:10  Probe  
  61  5:14  Probe  
  61  5:15  Twilight Council  
  61  5:20  Probe  
  62  5:26  Probe  
  64  5:30  Probe  
  65  5:38  Extended Thermal Lance, Probe  
  65  5:40  Probe  
  67  5:51  Pylon  
  67  5:56  Pylon  
  67  5:58  Blink (Chrono Boost)  
  67  6:00  Colossus (Chrono Boost)  
  73  6:14  Adept x2  
  73  6:15  Adept  
  73  6:17  Probe x2  
  81  6:29  Probe x2  
  81  6:30  Nexus  
  83  6:32  Pylon  
  83  6:41  Probe x2  
  83  6:42  Colossus  
  83  6:45  Pylon x2  
  86  7:13  Gateway  
  86  7:14  Gateway  
  86  7:16  Gateway  
  86  7:18  Probe  
  86  7:19  Sentry, Probe, Adept  
  86  7:21  Adept  
  94  7:27  Colossus  
  94  7:28  Pylon  
  94  7:31  Probe  
  95  7:41  Probe x2  
  95  7:43  Probe  
  104  7:56  Stalker x3  
  104  7:58  Probe  
  110  8:10  Stalker x2  
  110  8:11  Stalker  
  106  8:16  Colossus  
  94  8:24  Adept x3  
  102  8:27  Probe  
  102  8:29  Probe x2  
  105  8:39  Sentry, Adept  
  105  8:40  Adept  
  111  8:43  Gateway  
  111  8:45  Gateway  
  111  8:47  Templar Archives  
  111  8:55  Sentry, Stalker  
  111  8:56  Stalker  
  117  9:03  Stalker x2  
  117  9:09  Pylon  
  121  9:12  Adept  
  121  9:19  Adept  
  121  9:20  Adept x2  

Tags
 
Add a new tag
Caveats
  • Supply blocks, unpowered buildings, or Contaminate may cause inaccurate times.
  • Supply counts are checked every 10 seconds.